 Dungeon Crawl Stone Soup version 0.24.0-123-gd5b16e6ec5 (webtiles) character file.

Game seed: 2547871293401301488, levelgen mode: deterministic

5285 Delamore the Cleaver (level 10, -3/82 HPs)
             Began as a Formicid Fighter on Jan 6, 2020.
             Was a Believer of Okawaru.
             Impaled on a porcupine's spines (10 damage)
             ... on level 8 of the Dungeon.
             The game lasted 00:11:09 (7386 turns).

Delamore the Cleaver (Formicid Fighter)             Turns: 7386, Time: 00:11:09

Health: -3/82      AC: 11    Str: 20    XL:     10   Next: 94%
Magic:  19/19      EV:  8    Int:  8    God:    Okawaru [**....]
Gold:   339        SH:  9    Dex: 14    Spells: 9/9 levels left

rFire    . . .     SeeInvis +   D - +2 hand axe (elec)
rCold    + + .     Gourm    .   c - +0 shield
rNeg     . . .     Faith    .   E - +1 ring mail {rC+}
rPois    .         Spirit   .   (helmet unavailable)
rElec    .         Reflect  .   g - +1 cloak "Ehulofatt" {rC+ Str-4 Dex+4}
rCorr    .         Harm     .   p - +0 pair of gloves
MR       +....                  q - +0 pair of boots
Stlth    +.........             (no amulet)
HPRegen  0.23/turn              y - ring of magical power
MPRegen  0.16/turn              (no ring)

@: no status effects
A: permanent stasis, dig shafts and tunnels, four strong arms, antennae 3
a: Dig, Shaft Self, Heroism, Renounce Religion


You were on level 8 of the Dungeon.
You worshipped Okawaru.
Okawaru was pleased with you.
You were not hungry.

You visited 2 branches of the dungeon, and saw 9 of its levels.
You also visited: Ossuary.

You collected 339 gold pieces.

Inventory:

Hand Weapons
 a - a +1 war axe
 D - a +2 hand axe of electrocution (weapon)
Missiles
 I - a throwing net (quivered)
Armour
 b - a +0 scale mail
 c - a +0 shield (worn)
 g - the +1 cloak "Ehulofatt" (worn) {rC+ Str-4 Dex+4}
   (You found it on level 4 of the Dungeon)

   It affects your strength (-4).
   It affects your dexterity (+4).
   It protects you from cold.
 p - a +0 pair of gloves (worn)
 q - a +0 pair of boots (worn)
 E - a +1 ring mail of cold resistance (worn)
Jewellery
 y - a ring of magical power (left hand)
 B - an uncursed ring of ice
Wands
 r - a wand of disintegration (8)
 F - a wand of iceblast (23)
 K - a wand of random effects (20)
Scrolls
 i - 6 scrolls of teleportation
 j - 4 scrolls of enchant weapon
 n - 2 scrolls of remove curse
 o - 4 scrolls of amnesia
 s - 3 scrolls of fear
 u - 4 scrolls of immolation
 z - a scroll of random uselessness {unknown}
 A - a scroll of blinking {unknown}
 G - a scroll of enchant armour {unknown}
 J - a scroll of fog {unknown}
 M - a scroll of magic mapping {unknown}
Potions
 d - a potion of might
 e - 2 potions of heal wounds
 h - 2 potions of lignification {unknown}
 k - 2 potions of brilliance
 l - a potion of degeneration
 m - 5 potions of curing
 t - 2 potions of haste
 v - 2 potions of magic
 w - a potion of ambrosia {unknown}
 x - a potion of resistance {unknown}
 C - a potion of flight
 H - 2 potions of mutation {unknown}
 N - a potion of invisibility
Comestibles
 f - 18 rations
 L - a chunk of flesh


   Skills:
 + Level 8.8 Fighting
 + Level 13.2 Axes
 - Level 3.2 Armour
 - Level 3.6 Shields


You had 9 spell levels left.
You didn't know any spells.
Your spell library contained the following spells:

 Spells                   Type           Power        Failure   Level  Hunger
 Freeze                   Ice            #...         93%         1    ##.....
 Throw Frost              Conj/Ice       #.....       98%         2    ###....
 Ozocubu's Armour         Chrm/Ice       #.......     100%        3    ####...
 Summon Ice Beast         Ice/Summ       #.......     100%        4    #####..
 Throw Icicle             Conj/Ice       #.......     100%        4    #####..


Dungeon Overview and Level Annotations

Branches:
Dungeon (8/15)             Temple (1/1) D:7         Ossuary (visited)
   Lair: D:8-11

Altars:
Ashenzari
Dithmenos
Fedhas
Hepliaklqana
Kikubaaqudgha
Makhleb
Nemelex Xobeh
Okawaru
Ru
Sif Muna
Trog
Uskayaw
Vehumet
Wu Jian
Xom
Yredelemnul


Innate Abilities, Weirdness & Mutations

You cannot be hasted, slowed, berserked, paralysed or teleported.
You can dig through walls and to a lower floor.
Your four strong arms can wield two-handed weapons with a shield.
You have a pair of large antennae on your head. (SInv)


Message History

The crocodile bites you.
* * * LOW HITPOINT WARNING * * *
You closely miss the crocodile.
The crocodile is heavily wounded.
You are struck by the porcupine's spines.
* * * LOW HITPOINT WARNING * * *
You hit the porcupine but do no damage.
Unknown command.
You hit the crocodile.
The crocodile is almost dead.
You barely miss the porcupine. The porcupine bites you!
* * * LOW HITPOINT WARNING * * *
You block the crocodile's attack.
Unknown command.
You hit the crocodile.
Lightning courses through the crocodile!
You kill the crocodile!
Okawaru accepts your kill.
You are struck by the porcupine's spines.
You die...

####### P ..(.<.#
######### .. #####.#
#.......# P..
.####.####.#####.# ..?.
..)..............#..P...
.####.####.##.##.#.P..P.
#####.# #......@r...♣).
......# #.##...†.t♣....
...#### #......†#......
##.# ##.#...........
##.#########........#.P.
.....#........#.#..## #♣
##.#.#..............##...
...#.#...)........†......
####.#..[.....#.###.##...


You could see a crocodile and a porcupine.

Vanquished Creatures
  A two-headed ogre (D:8)
  A hornet (D:6)
  A hippogriff (D:7)
  A spriggan (D:7)
  Sigmund (D:6)
  A basilisk (D:8)
  A hungry ghost (D:7)
  Edmund (D:6)
  A porcupine (D:8)
  2 ice beasts
  An orc warrior (D:7)
  3 black bears (D:8)
  A phantom (D:5)
  2 centaurs
  A wolf (D:8)
  An ogre (D:7)
  2 crocodiles (D:8)
  2 bullfrogs (D:6)
  An elf zombie (Ossuary)
  A scorpion (D:6)
  5 killer bees (D:6)
  3 howler monkeys
  A bullfrog zombie (D:8)
  2 centaur zombies
  3 crimson imps
  A quasit (D:7)
  A jelly (D:8)
  5 bullfrog skeletons
  5 hounds
  5 orc priests
  Crazy Yiuf (D:7)
  7 orc wizards
  A gnoll shaman (D:5)
  5 iguanas
  7 worker ants
  A killer bee zombie (D:6)
  4 big kobold zombies (Ossuary)
  A hound zombie (D:8)
  3 mummies
  A hound skeleton (D:7)
  3 worker ant zombies
  10 gnolls
  10 adders
  2 shadow imps
  An ooze (D:2)
  An adder zombie (D:5)
  2 adder skeletons
  A dart slug (D:1)
  6 leopard geckos
  33 orcs
  7 giant cockroaches
  13 hobgoblins
  11 jackals
  2 quokkas
  5 bats (D:2)
  A frilled lizard (D:1)
  6 goblins
  4 goblin zombies (Ossuary)
  12 hobgoblin zombies (Ossuary)
  A jackal zombie (Ossuary)
  6 kobolds
  5 kobold zombies (Ossuary)
  A leopard gecko skeleton (D:4)
  8 orc zombies (Ossuary)
  A quokka zombie (D:3)
  7 rats
  A rat zombie (Ossuary)
248 creatures vanquished.

Notes
Turn   | Place    | Note
-------+----------+-------------------------------------------
     0 | D:1      | Delamore the Formicid Fighter began the quest for the Orb.
     0 | D:1      | Reached XP level 1. HP: 18/18 MP: 1/1
    43 | D:1      | Reached XP level 2. HP: 19/24 MP: 2/2
   168 | D:1      | Reached skill level 3 in Axes
   293 | D:1      | Reached XP level 3. HP: 15/29 MP: 3/3
   713 | D:2      | Found a hazy altar of Hepliaklqana.
   732 | D:2      | Reached skill level 4 in Axes
   732 | D:2      | Reached XP level 4. HP: 21/35 MP: 4/4
   944 | D:2      | Found an ancient bone altar of Kikubaaqudgha.
  1059 | D:2      | Found a burning altar of Makhleb.
  1455 | D:3      | Reached XP level 5. HP: 21/41 MP: 5/5
  1652 | D:3      | Reached skill level 5 in Axes
  2068 | D:3      | Found a shimmering altar of Xom.
  2169 | D:4      | Found a sparkling altar of Nemelex Xobeh.
  2169 | D:4      | Found a shadowy altar of Dithmenos.
  2174 | D:4      | Found an ornate altar of the Wu Jian Council.
  2191 | D:4      | Got a brightly glowing cloak
  2197 | D:4      | Identified the +1 cloak "Ehulofatt" {rC+ Str-4 Dex+4} (You
                  | found it on level 4 of the Dungeon)
  2425 | D:4      | Reached XP level 6. HP: 43/47 MP: 6/6
  2461 | D:4      | Reached skill level 6 in Axes
  2583 | D:4      | Found a sand-covered staircase.
  2595 | Ossuary  | Entered an ossuary
  2795 | Ossuary  | Reached skill level 7 in Axes
  2795 | Ossuary  | Reached XP level 7. HP: 46/52 MP: 7/7
  3186 | D:5      | Entered Level 5 of the Dungeon
  3311 | D:5      | Reached skill level 8 in Axes
  3479 | D:5      | Reached XP level 8. HP: 38/58 MP: 8/8
  3546 | D:5      | Reached skill level 9 in Axes
  4529 | D:5      | Reached skill level 10 in Axes
  4693 | D:6      | Reached XP level 9. HP: 64/64 MP: 9/9
  4836 | D:6      | Reached skill level 11 in Axes
  5350 | D:6      | Noticed Edmund
  5359 | D:6      | Killed Edmund
  5381 | D:6      | Noticed Sigmund
  5390 | D:6      | Killed Sigmund
  5537 | D:6      | HP: 1/65 [killer bee (3)]
  5926 | D:7      | Noticed a hornet
  5942 | D:6      | Killed a hornet
  5942 | D:6      | Reached skill level 5 in Fighting
  6287 | D:7      | Reached skill level 12 in Axes
  6377 | D:7      | Noticed a +0 hand axe
  6377 | D:7      | Noticed a +0 dagger
  6378 | D:7      | Found a hide-covered altar of Uskayaw.
  6483 | D:7      | Noticed a hippogriff
  6489 | D:7      | Killed a hippogriff
  6489 | D:7      | Reached XP level 10. HP: 72/76 MP: 10/10
  6609 | D:7      | Found a staircase to the Ecumenical Temple.
  6641 | Temple   | Entered the Ecumenical Temple
  6671 | Temple   | Became a worshipper of Warmaster Okawaru
  6753 | D:7      | Found a runed translucent door.
  6754 | D:7      | Noticed Crazy Yiuf
  6930 | D:7      | Found a shattered altar of Ashenzari.
  7122 | D:7      | Killed Crazy Yiuf
  7247 | D:8      | Noticed a two-headed ogre
  7255 | D:8      | Killed a two-headed ogre
  7255 | D:8      | Reached * piety under Okawaru
  7331 | D:8      | Reached skill level 13 in Axes
  7373 | D:8      | Reached ** piety under Okawaru
  7386 | D:8      | Impaled on a porcupine's spines

Levels and vault maps discovered:
D:1:      saegor_arrival_simple_e, layout_basic
D:2:      layout_rooms, lightli_temple_of_fire, lemuel_doored_altar,
          nicolae_overflow_crystal_walls
D:3:      layout_loops_ring, xom_teletrap_fun
D:4:      layout_loops_ring, chequers_temple_overflow_statue_of_worship,
          gup_ossuary_entry_pyramid, first_ration, serial_bayou_pond_a
D:5:      layout_basic, hangedman_decor_push, minmay_pentangle
D:6:      layout_cave_pods, sigmund_edmund_badplayer
D:7:      layout_rooms, dancing_weapons_uskayaw, overflow_temple_1_default,
          minmay_temple_entry_sparse_star, the_bakery, uniq_crazy_yiuf_cottage
D:8:      layout_loops_cross, minmay_lair_entry_grove,
          chequers_decorated_corner, tso_metal_star
Temple:   nicolae_temple_god_jail

Skill      XL: |  1  2  3  4  5  6  7  8  9 10 |
---------------+-------------------------------+-----
Axes           | 3 4 5 7 8 10 12 13 | 13.2
Fighting       | 6 8 |  8.8
Armour         | |  3.2
Shields        | |  3.6

Action                   |  1- 3 |  4- 6 |  7- 9 | 10-12 || total
-------------------------+-------+-------+-------+-------++-------
Melee: War axe           |    80 |   251 |   154 |       ||   485
       Hand axe          |       |       |   186 |   155 ||   341
  Use: Scroll            |       |     4 |     2 |     2 ||     8
       Potion            |       |       |     6 |     1 ||     7
  Eat: Chunk             |       |     6 |    13 |     4 ||    23
Armor: Scale mail        |    36 |   103 |   120 |       ||   259
       Ring mail         |       |       |    25 |    77 ||   102
Dodge: Dodged            |    32 |    71 |    95 |    45 ||   243
Block: Shield            |    51 |   137 |   149 |    45 ||   382
